 Dungeon Crawl Stone Soup version 0.18.1-48-g4cf74bf (webtiles) character file.

456 tyranidshit the Skirmisher (level 6, 0/55 HPs)
             Began as a Demonspawn Abyssal Knight on Sept 7, 2016.
             Was a Priest of Lugonu.
             Slain by a hound (1 damage)
             ... on level 5 of the Dungeon.
             The game lasted 00:13:50 (3145 turns).

tyranidshit the Skirmisher (DsAK)                   Turns: 3145, Time: 00:13:50

Health: 0/55       AC:  9    Str: 14    XL:     6   Next: 77%
Magic:  7/7        EV:  7    Int: 13    God:    Lugonu [***...]
Gold:   152        SH:  7    Dex: 13    Spells: 0 memorised, 5 levels left

rFire  . . .     SeeInvis .     a - +1 hand axe
rCold  + . .     Gourm    .     f - +1 ring mail {rC+}
rNeg   . . .     Faith    .     q - +0 shield
rPois  .         Spirit   .     (helmet restricted)
rElec  .         Dismiss  .     (no cloak)
rCorr  +         Reflect  .     (no gloves)
SustAt .         Harm     .     (no boots)
MR     .....                    (no amulet)
Stlth  +.........               (no ring)
                                o - ring of resist corrosion

@: not resistant to hostile enchantments, very unstealthy
A: horns 1, thin metallic scales 2
a: Depart the Abyss, Bend Space, Banish, Renounce Religion


You were on level 5 of the Dungeon.
You worshipped Lugonu.
Lugonu was most pleased with you.
You were not hungry.

You visited 1 branch of the dungeon, and saw 5 of its levels.
You visited the Abyss 1 time.

You collected 152 gold pieces.

Inventory:

Hand Weapons
 a - a +1 hand axe (weapon)
 n - a +0 hand axe
Missiles
 i - 8 tomahawks
 l - 2 tomahawks of returning (quivered)
Armour
 b - a +0 leather armour
 f - a +1 ring mail of cold resistance (worn)
 q - a +0 shield (worn)
 s - a +0 robe
Jewellery
 o - a ring of resist corrosion (left hand)
Wands
 d - a wand of teleportation (1/9)
 w - a wand of polymorph (17/24)
Scrolls
 c - 2 scrolls of recharging {unknown}
 e - a scroll of fog
 g - 2 scrolls of random uselessness
 k - a scroll of teleportation
 p - a scroll of identify
 u - 4 scrolls of remove curse
 v - 3 scrolls of enchant armour {unknown}
Potions
 m - a potion of lignification
Books
 h - a book of Frost

   Spells                             Type                      Level
   a - Freeze                         Ice                          1
   b - Throw Frost                    Conjuration/Ice              2
   c - Ozocubu's Armour               Charms/Ice                   3
   d - Throw Icicle                   Conjuration/Ice              4
   e - Summon Ice Beast               Ice/Summoning                4
 j - a book of Beasts

   Spells                             Type                      Level
   a - Summon Butterflies             Summoning                    1
   b - Call Canine Familiar           Summoning                    3
   c - Summon Ice Beast               Ice/Summoning                4
   d - Summon Mana Viper              Hexes/Summoning              5
   e - Summon Hydra                   Summoning                    7
Comestibles
 r - 2 fruits
 t - 2 bread rations


   Skills:
 + Level 7.4 Fighting
 - Level 1.7 Axes
 - Level 1.7 Throwing
 - Level 1.7 Armour
 - Level 0.8 Dodging
 - Level 2.4 Invocations


You had 5 spell levels left.
You didn't know any spells.

Dungeon Overview and Level Annotations

Branches:
Dungeon (5/15)
 Temple: D:4-7

Altars:
Kikubaaqudgha
Ru

Annotations:
D:4 Pikel


Innate Abilities, Weirdness & Mutations

You have a pair of small horns on your head.
You are mostly covered in thin metallic scales (AC +3).


Message History

A hound comes into view.
The hound barks!
Found a scroll labeled NISACU RYEQUSIO.
A crimson imp comes into view.
There is a stone staircase leading down here.
You feel sick.
You are no longer poisoned.
The crimson imp shouts!
The giant cockroach bites you but does no damage.
You block the hound's attack.
The giant cockroach bites you but does no damage.
Found a meat ration and a viscous brown potion.
The hound bites you but does no damage.
There is a stone staircase leading down here.
You hit the hound. You headbutt the hound.
The hound is lightly wounded.
The hound bites you.
* * * LOW HITPOINT WARNING * * *
The hound bites you.
You die...

#..........
#.........#...(.
...
#......?..#.....
...
#.........#....#
#.. #.....5...#
...# #..
#........!# ..#
#.. #..s.%....#
#.# #.#
#h##########.###.#
#@................
#)##########.###.#
#.# #.# #.# #.#
#.# #.# #.# #..
..# #.# ### ###
#.# #.#


You could see a hound, a crimson imp and a giant cockroach.

Vanquished Creatures
  A slave (D:5)
  A phantom (D:4)
  An ogre (D:4)
  An orc wizard (D:3)
  Ijyb (D:3)
  Jessica (D:2)
  A worker ant (D:5)
  4 adders
  An ooze (D:3)
  6 worms
  A dart slug (D:3)
  A giant gecko (D:2)
  3 orcs (D:3)
  3 ball pythons
  4 giant cockroaches
  10 goblins
  8 hobgoblins
  A jackal (D:2)
  9 kobolds
  7 quokkas
  12 bats
  4 giant newts
  10 rats
91 creatures vanquished.

Vanquished Creatures (others)
  An ogre (D:3)
1 creature vanquished.

Grand Total: 92 creatures vanquished

Notes
Turn   | Place    | Note
--------------------------------------------------------------
     0 | Abyss:1  | tyranidshit the Demonspawn Abyssal Knight began the quest for the Orb.
     0 | Abyss:1  | Reached XP level 1. HP: 18/18 MP: 2/2
    15 | Abyss:1  | Found a corrupted altar of Lugonu.
    75 | D:1      | Escaped the Abyss
   290 | D:1      | Gained mutation: You are partially covered in thin metallic scales (AC +2). [demonic ancestry]
   290 | D:1      | Reached XP level 2. HP: 18/24 MP: 3/3
   351 | D:1      | Reached ** piety under Lugonu
   553 | D:1      | Reached skill level 4 in Fighting
   806 | D:2      | Reached XP level 3. HP: 3/30 MP: 4/4
  1549 | D:2      | Reached skill level 1 in Throwing
  1648 | D:2      | Noticed Jessica
  1659 | D:2      | Killed Jessica
  1659 | D:2      | Reached *** piety under Lugonu
  1659 | D:2      | Reached XP level 4. HP: 34/38 MP: 5/5
  1885 | D:2      | Found an ancient bone altar of Kikubaaqudgha.
  2032 | D:3      | Noticed Ijyb
  2071 | D:3      | Killed Ijyb
  2071 | D:3      | Reached skill level 5 in Fighting
  2071 | D:3      | Gained mutation: You are mostly covered in thin metallic scales (AC +3). [demonic ancestry]
  2071 | D:3      | Reached XP level 5. HP: 32/44 MP: 6/6
  2307 | D:3      | Found a sacrificial altar of Ru.
  2492 | D:3      | Reached skill level 6 in Fighting
  2685 | D:4      | Noticed an ogre
  2707 | D:3      | Banished an ogre
  2741 | D:4      | Gained mutation: You have a pair of small horns on your head. [demonic ancestry]
  2741 | D:4      | Reached XP level 6. HP: 33/53 MP: 5/7
  2914 | D:4      | Reached skill level 7 in Fighting
  2923 | D:4      | Noticed a slave
  2924 | D:4      | Noticed a slave
  2924 | D:4      | Noticed a slave
  2925 | D:4      | Noticed Pikel
  2927 | D:4      | Noticed a slave
  3086 | D:5      | Entered Level 5 of the Dungeon
  3096 | D:5      | Killed a slave
  3145 | D:5      | HP: 1/55 [hound (5)]
  3145 | D:5      | Slain by a hound

Skill      XL: |  1  2  3  4  5  6 |
---------------+-------------------+-----
Fighting       | 4 5 6 7 |  7.4
Throwing       | 1 |  1.7
Axes           | |  1.7
Armour         | |  1.7
Dodging        | |  0.8
Invocations    | |  2.4

Action                   |  1- 3 |  4- 6 || total
-------------------------+-------+-------++-------
Melee: Hand axe          |   171 |   234 ||   405
       Headbutt          |       |     9 ||     9
Throw: Tomahawk          |     5 |    21 ||    26
Invok: Banish            |       |     1 ||     1
  Use: Scroll            |     5 |     6 ||    11
       Potion            |       |     4 ||     4
 Stab: Paralysed         |       |     1 ||     1
       Invisible         |       |     5 ||     5
  Eat: Bread ration      |     1 |       ||     1
       Pizza             |       |     1 ||     1
       Beef jerky        |       |     1 ||     1
       Meat ration       |       |     1 ||     1
Armor: Leather armour    |    37 |       ||    37
       Ring mail         |    72 |   128 ||   200
       Skin              |       |    34 ||    34
Dodge: Dodged            |   130 |    96 ||   226
Block: Shield            |       |    90 ||    90
